 Dungeon Crawl Stone Soup version 0.20-a0-537-g052e6ba (webtiles) character file.

36 polly the Chopper (level 3, 0/33 HPs)
             Began as a Minotaur Berserker on Jan 28, 2017.
             Was a Believer of Trog.
             Slain by a worm (11 damage)
             ... on level 2 of the Dungeon.
             The game lasted 00:01:14 (776 turns).

polly the Chopper (Minotaur Berserker)               Turns: 776, Time: 00:01:15

Health: 0/33       AC:  3    Str: 22    XL:     3   Next: 19%
Magic:  2/2        EV: 12    Int:  4    God:    Trog [**....]
Gold:   45         SH:  0    Dex:  9    Spells: 2/2 levels left

rFire    . . .     SeeInvis .   a - +0 hand axe
rCold    . . .     Gourm    .   b - +0 animal skin
rNeg     . . .     Faith    .   (no shield)
rPois    .         Spirit   .   (helmet restricted)
rElec    .         Reflect  .   (no cloak)
rCorr    .         Harm     .   j - +0 pair of gloves
MR       .....                  (no boots)
Stlth    +.........             (no amulet)
Regen    0.2/turn               (no ring)
                                (no ring)

@: lethally poisoned (0 -> -2)
A: retaliatory headbutt, horns 2
a: Berserk, Trog's Hand, Burn Spellbooks, Renounce Religion


You were on level 2 of the Dungeon.
You worshipped Trog.
Trog was pleased with you.
You were not hungry.

You visited 1 branch of the dungeon, and saw 2 of its levels.

You collected 45 gold pieces.

Inventory:

Hand Weapons
 a - a +0 hand axe (weapon)
Armour
 b - a +0 animal skin (worn)
 j - a +0 pair of gloves (worn)
Jewellery
 e - an uncursed amulet of rage {unknown}
Scrolls
 f - a scroll of amnesia {unknown}
 g - a scroll of remove curse {unknown}
 i - 2 scrolls of identify {unknown}
 l - a scroll of teleportation {unknown}
Potions
 d - a potion of resistance {unknown}
 h - 2 potions of agility {unknown}
Comestibles
 c - 2 bread rations
 k - a meat ration
 m - 2 royal jellies


   Skills:
 + Level 4.1 Fighting
 + Level 4.4 Axes
 + Level 2.4 Armour
 + Level 2.7 Dodging


You had 2 spell levels left.
You didn't know any spells.

Dungeon Overview and Level Annotations

Branches:
Dungeon (2/15)

Altars:


Innate Abilities, Weirdness & Mutations

You reflexively headbutt those who attack you in melee.
You have a pair of horns on your head.


Message History

You miss the adder.
You hit the giant cockroach but do no damage.
The adder bites you. The giant cockroach closely misses you.
The worm bites you! The adder bites you.
You are poisoned.
The adder poisons you! The giant cockroach barely misses you.
You barely miss the adder. Your headbutt misses the adder.
You barely miss the worm. You hit the giant cockroach.
You feel sick. The adder barely misses you. The giant cockroach bites you.
You closely miss the adder. You hit the worm but do no damage.
You hit the giant cockroach but do no damage.
The adder closely misses you. You furiously retaliate!
You headbutt the adder, but do no damage.
The giant cockroach misses you. The worm barely misses you.
You hit the adder. Your headbutt misses the adder.
The adder is lightly wounded.
You closely miss the giant cockroach. You hit the worm but do no damage.
The adder bites you. The giant cockroach barely misses you.
The adder barely misses you. The worm bites you!
You die...

..... #...## #.....
###.(.###....#######.#
#.........##.........#
#..#......#######).. #
#......##.# #.##
###.#####.## .# #...
......###.# # #...
.......)s.##...### #...
......S@####..♣≈.# #.((
......w.# #..≈≈≈# ###(
........# #..≈≈.# #.
<......## #..P♣≈# #.
......######..♣..######.
##.#.# .................
#... .............÷÷..
###. ..............#..
##...†...#####..


You could see a worm, an adder and a giant cockroach.

Vanquished Creatures
  3 leopard geckos
  2 bats
  5 giant cockroaches
  A goblin (D:1)
  5 hobgoblins
  2 jackals (D:2)
  6 kobolds
  A ball python (D:1)
  2 frilled lizards (D:1)
27 creatures vanquished.

Notes
Turn   | Place    | Note
-------+----------+-------------------------------------------
     0 | D:1      | polly the Minotaur Berserker began the quest for the Orb.
     0 | D:1      | Reached XP level 1. HP: 19/19 MP: 0/0
    73 | D:1      | Reached XP level 2. HP: 27/27 MP: 1/1
   469 | D:2      | Reached XP level 3. HP: 26/33 MP: 2/2
   483 | D:2      | Reached ** piety under Trog
   776 | D:2      | Slain by a worm

Vault maps used:
D:1:      sevenhm_arrival_forest_fort_small_4
D:2:      first_bread, serial_bayou_pond_e

Skill      XL: |  1  2 |
---------------+-------+-----
Axes           | 4 |  4.4
Fighting       | 4 |  4.1
Armour         | |  2.4
Dodging        | |  2.7

Action                   || total
-------------------------++-------
Melee: Hand axe          ||    59
       Headbutt          ||     8
Armor: Animal skin       ||    13
Dodge: Dodged            ||    42
